AoeStats
← 海峡

Four Lakes

507656595Analyzed
1v1 RM · 14d ago on Sep 19, 2026· 21m 24s· 2 players
Game mode
Random Map
Map size
Tiny (2 player)
Population
200
Speed
Normal
Resources
Standard
Victory
Conquest
Starting age
Dark Age
Ending age
Imperial Age
RankedLock teamsTeams togetherTeam positionsShared explorationLock speedFull tech treeHidden civsTurbo modeCheats
Victory
Defeat
🇨🇳 Inca · China
1715
+14
🇹🇼 Dravidians · Taiwan
1674
-14
zzzz123
10:19 Feudal Age
10:22 Man-at-Arms
10:48 Double-Bit Axe
11:20 Loom
11:26 Fishing Lines
16:59 Castle Age
14:59 Fletching
15:36 Gold Mining
17:29 Gillnets
17:54 Medium Warships
17:59 Bow Saw
18:45 Forging
19:02 Bodkin Arrow
海峡
9:50 Loom
12:50 Feudal Age
13:21 Double-Bit Axe
13:28 Fishing Lines
16:19 Castle Age
15:22 Forging
15:15 Scale Mail Armor
14:45 Champi Runner
16:38 Champi Warrior
17:22 Gold Mining
17:52 Bow Saw
18:16 Squires
19:55 Iron Casting
19:45 Arson
Connection lost

Rejoining the realm…

Still unreachable

The connection could not be restored.

Session expired

The server has moved on; the page needs a fresh start.